 Dungeon Crawl Stone Soup version 0.24-a0-584-g9d6b971ae4 (webtiles) character file.

Game seed: 16425797425171266987, levelgen mode: deterministic

37090 Ijustatesigmund the Blocker (level 13, 0/105 HPs)
             Began as a Gnoll Fighter on Sept 5, 2019.
             Was a High Priest of Okawaru.
             Slain by a tyrant leech (17 damage)
             ... on level 5 of the Lair of Beasts.
             The game lasted 00:50:43 (18244 turns).

Ijustatesigmund the Blocker (Gnoll Fighter)        Turns: 18244, Time: 00:50:43

Health: 0/105      AC: 29    Str: 20    XL:     13   Next: 94%
Magic:  25/25      EV: 14    Int: 16    God:    Okawaru [*****.]
Gold:   360        SH: 24    Dex: 21    Spells: 29/29 levels left

rFire    . . .     SeeInvis .   M - +9 falchion "Grim Tooth" {slice, rC+ MR+ Int+5}
rCold    + + .     Gourm    .   c - +2 large shield {AC+3}
rNeg     . . .     Faith    .   K - +3 chain mail {rC+}
rPois    .         Spirit   .   u - +1 helmet
rElec    .         Reflect  +   p - +1 cloak
rCorr    +         Harm     .   T - +2 pair of gloves {Dex+3}
MR       +....                  Q - +2 pair of boots
Stlth    +.........             N - +4 amulet of reflection
HPRegen  0.27/turn              h - +3 ring of evasion
MPRegen  0.19/turn              n - ring of resist corrosion

@: no status effects
A: distributed training, fangs 1, strong nose
a: Heroism, Finesse, Renounce Religion


You were on level 5 of the Lair of Beasts.
You worshipped Okawaru.
Okawaru was extremely pleased with you.
You were not hungry.

You visited 3 branches of the dungeon, and saw 19 of its levels.
You also visited: Bailey.

You collected 1230 gold pieces.
You spent 870 gold pieces at shops.

Inventory:

Hand Weapons
 a - a +0 war axe
 d - a +4 scimitar of holy wrath
 M - the +9 falchion "Grim Tooth" (weapon) {slice, rC+ MR+ Int+5}
   (You found it on level 10 of the Dungeon)

   It inflicts extra damage upon your enemies.
   It affects your intelligence (+5).
   It protects you from cold.
   It affects your resistance to hostile enchantments.
 U - a +0 morningstar
Missiles
 V - a curare-tipped dart (quivered)
Armour
 c - a +2 large shield of protection (worn)
 e - a +3 leather armour
 p - a +1 cloak (worn)
 u - a +1 helmet (worn)
 E - a scarf of resistance
 K - a +3 chain mail of cold resistance (worn)
 Q - a +2 pair of boots (worn)
 R - the +0 ring mail of Xamimeha {+Blink Dex+4}
   (You found it on level 13 of the Dungeon)

   It affects your dexterity (+4).
   It lets you blink.
 T - a +2 pair of gloves of dexterity (worn)
Jewellery
 h - a +3 ring of evasion (left hand)
 n - a ring of resist corrosion (right hand)
 o - an uncursed ring of ice
 s - an uncursed ring of protection from magic {unknown}
 t - an uncursed ring of flight
 H - a +5 ring of dexterity
 N - a +4 amulet of reflection (around neck)
 X - an uncursed amulet of rage {unknown}
Wands
 b - a wand of random effects (5)
 m - a wand of paralysis (4)
 q - a wand of polymorph (21)
 r - a wand of disintegration (2)
 x - a wand of flame (2)
 y - a wand of scattershot (3)
 L - a wand of digging (4)
Scrolls
 j - 4 scrolls of remove curse
 z - a scroll of fog
 A - 2 scrolls of blinking
 B - 2 scrolls of amnesia
 D - 5 scrolls of identify
 I - 7 scrolls of enchant weapon
 S - 2 scrolls of teleportation
 W - a scroll of magic mapping
Potions
 g - 6 potions of flight
 i - 6 potions of curing
 k - 5 potions of lignification
 l - a potion of might
 v - 2 potions of agility
 w - 2 potions of magic
 C - a potion of ambrosia
 G - 5 potions of brilliance
 J - 2 potions of heal wounds
Miscellaneous
 P - a phial of floods
Comestibles
 f - 26 rations


   Skills:
 + Level 10.8 Fighting
 + Level 8.7 Short Blades
 + Level 8.7 Long Blades
 + Level 9.8 Axes
 + Level 8.7 Maces & Flails
 + Level 8.7 Polearms
 + Level 8.7 Staves
 + Level 8.7 Slings
 + Level 8.7 Bows
 + Level 8.7 Crossbows
 + Level 8.7 Throwing
 + Level 10.8 Armour
 + Level 8.7 Dodging
 + Level 8.7 Stealth
 + Level 10.8 Shields
 + Level 8.7 Unarmed Combat
 + Level 8.7 Spellcasting
 + Level 7.2 Conjurations
 + Level 7.2 Hexes
 + Level 7.2 Charms
 + Level 7.2 Summonings
 + Level 7.2 Necromancy
 + Level 7.2 Translocations
 + Level 7.2 Transmutations
 + Level 7.2 Fire Magic
 + Level 7.2 Ice Magic
 + Level 7.2 Air Magic
 + Level 7.2 Earth Magic
 + Level 7.2 Poison Magic
 + Level 9.4 Invocations
 + Level 8.7 Evocations


You had 29 spell levels left.
You didn't know any spells.
Your spell library contained the following spells:

 Spells                   Type           Power        Failure   Level  Hunger
 Animate Skeleton         Necr           N/A          22%         1    None
 Apportation              Tloc           ####..       22%         1    None
 Confusing Touch          Hex            ####..       22%         1    None
 Infusion                 Chrm           ####         22%         1    None
 Magic Dart               Conj           ####         22%         1    None
 Summon Small Mammal      Summ           ####         22%         1    None
 Searing Ray              Conj           ####..       34%         2    None
 Shroud of Golubria       Chrm/Tloc      ####..       34%         2    None
 Song of Slaying          Chrm           ####....     34%         2    None
 Dazzling Spray           Conj/Hex       ####..       56%         3    #......
 Regeneration             Chrm/Necr      ####......   56%         3    #......
 Spectral Weapon          Hex/Chrm       ####....     56%         3    #......
 Force Lance              Conj/Tloc      ####....     92%         4    ###....
 Fulminant Prism          Conj/Hex       ####......   92%         4    ###....
 Iskenderun's Mystic Bla  Conj           ####....     92%         4    ###....
 Irradiate                Conj/Tmut      ####......   99%         5    #####..
 Hydra Form               Tmut           ####......   100%        6    ######.
 Statue Form              Tmut/Erth      ####.....    100%        6    ######.
 Dragon Form              Tmut           ####......   100%        7    #######


Dungeon Overview and Level Annotations

Branches:
Dungeon (13/15)            Temple (1/1) D:7            Lair (5/6) D:8
  Swamp (0/4) Lair:3       Spider (0/4) Lair:2          Orc (0/2) D:10
 Vaults (0/5) D:13         Bailey (visited)
  Slime: Lair:5-6

Altars:
Ashenzari
Cheibriados
Dithmenos
Elyvilon
Fedhas
Gozag
Hepliaklqana
Kikubaaqudgha
Makhleb
Nemelex Xobeh
Okawaru
Qazlal
Ru
Sif Muna
Trog
Uskayaw
Vehumet
Wu Jian
Xom
Yredelemnul
Zin
The Shining One
Beogh

Shops:
D:7 ?   D:8 *   D:11 =   D:12 %

Annotations:
D:4 3 runed translucent doors, vvokhom's ghost, amateur MiBe


Innate Abilities, Weirdness & Mutations

Your experience applies equally to all skills.
You have very sharp teeth.
Your uncanny sense of smell can sniff out nearby items.


Message History

The tyrant leech is heavily wounded.
You hit the tyrant leech.
The tyrant leech is severely wounded.
The tyrant leech is no longer moving slowly.
The tyrant leech bites you!!
* * * LOW HITPOINT WARNING * * *
The tyrant leech draws strength from your injuries!
You hit the tyrant leech.
You bite the tyrant leech, but do no damage.
The tyrant leech is severely wounded.
The tyrant leech closely misses you.
You riposte.
You slash the tyrant leech!
The tyrant leech is almost dead.
You closely miss the tyrant leech.
You bite the tyrant leech, but do no damage.
The tyrant leech is almost dead.
The tyrant leech is no longer berserk.
You block the tyrant leech's attack.
You hit the tyrant leech.
The tyrant leech is almost dead.
The tyrant leech bites you!
You die...

....... ....... ?......
#.#. ##......# ....
#.......# ..# ##.....#
##.## ##.†.P#
##...#######.#@w(#[#. #
#....##.#.PP..........
.##....P.##.............
#.......................
........P...#......<....
..##P.†.................
..###..............#...P
..# ###...............P.
.## ##...........>...


You could see a tyrant leech.

Vanquished Creatures
  Snorg (D:11)
  2 hydras (Lair:2)
  Harold (D:9)
  The ghost of tsouns the Spear-Bearer, a journeyman OpGl of the Shining One (Lair:1)
  A two-headed ogre (D:13)
  A queen ant (Lair:2)
  2 tengu warriors
  Pikel (D:4)
  A wizard (D:13)
  A necromancer (D:13)
  A manticore (D:12)
  3 oklob plants (Lair:2)
  2 cyclopes (D:12)
  2 ugly things
  5 elephants (Lair:2)
  A moth of wrath (Lair:5)
  2 black mambas
  A gargoyle (D:13)
  7 spiny frogs
  A rime drake (Lair:4)
  3 komodo dragons
  A kobold demonologist (D:12)
  A troll (D:13)
  A bog body (Lair:3)
  5 slime creatures (D:13)
  4 hippogriffs
  A meliai zombie (D:12)
  A wraith (D:13)
  10 yaks
  6 basilisks
  Grum (D:9)
  A steam dragon (D:12)
  2 hungry ghosts
  20 soldier ants
  3 swamp worms
  8 water moccasins
  5 porcupines
  3 ice beasts
  2 black bears
  12 orc warriors
  2 sky beasts
  5 ogres
  2 slaves (D:4)
  5 boggarts (D:12)
  A necrophage (D:12)
  An eye of draining (D:12)
  2 wolves (D:9)
  A centaur (D:7)
  6 crocodiles
  13 bullfrogs
  A big kobold (D:10)
  Blork the orc (D:5)
  3 scorpions
  12 killer bees
  8 wights
  7 electric eels
  A bullfrog zombie (D:7)
  6 howler monkeys
  3 crimson imps
  2 jellies
  A quasit (D:7)
  6 hounds
  2 bullfrog skeletons
  6 orc wizards
  3 centaur skeletons
  10 orc priests
  26 worker ants
  5 iguanas
  A hound skeleton (D:9)
  A howler monkey zombie (D:5)
  4 gnolls
  15 adders
  3 shadow imps
  2 adder zombies
  2 adder skeletons (D:9)
  4 worms
  6 leopard geckos
  47 orcs
  4 ball pythons
  4 giant cockroaches
  9 hobgoblins
  12 jackals
  16 kobolds
  4 quokkas
  12 bats
  5 frilled lizards
  9 goblins
  9 rats
  A fungus (Lair:5)
438 creatures vanquished.

Vanquished Creatures (collateral kills)
  A scorpion (D:8)
1 creature vanquished.

Vanquished Creatures (others)
  A wizard (D:8)
  A bush (Lair:5)
  10 fungi
  14 plants
26 creatures vanquished.

Grand Total: 465 creatures vanquished

Notes
Turn   | Place    | Note
-------+----------+-------------------------------------------
     0 | D:1      | Ijustatesigmund the Gnoll Fighter began the quest for the
                  | Orb.
     0 | D:1      | Reached XP level 1. HP: 23/23 MP: 1/1
    63 | D:1      | Reached XP level 2. HP: 29/29 MP: 2/2
   352 | D:2      | Reached XP level 3. HP: 33/35 MP: 3/3
   456 | D:2      | Reached skill level 1 in Invocations
   659 | D:2      | Reached skill level 1 in Short Blades
   659 | D:2      | Reached skill level 1 in Long Blades
   659 | D:2      | Reached skill level 1 in Maces & Flails
   659 | D:2      | Reached skill level 1 in Polearms
   659 | D:2      | Reached skill level 1 in Staves
   659 | D:2      | Reached skill level 1 in Slings
   659 | D:2      | Reached skill level 1 in Bows
   659 | D:2      | Reached skill level 1 in Crossbows
   659 | D:2      | Reached skill level 1 in Throwing
   659 | D:2      | Reached skill level 1 in Dodging
   659 | D:2      | Reached skill level 1 in Stealth
   659 | D:2      | Reached skill level 1 in Unarmed Combat
   659 | D:2      | Reached skill level 1 in Spellcasting
   659 | D:2      | Reached skill level 1 in Evocations
   902 | D:3      | Reached XP level 4. HP: 35/41 MP: 5/5
   945 | D:3      | Found a shadowy altar of Dithmenos.
  1284 | D:3      | Reached skill level 1 in Conjurations
  1284 | D:3      | Reached skill level 1 in Hexes
  1284 | D:3      | Reached skill level 1 in Charms
  1284 | D:3      | Reached skill level 1 in Summonings
  1284 | D:3      | Reached skill level 1 in Necromancy
  1284 | D:3      | Reached skill level 1 in Translocations
  1284 | D:3      | Reached skill level 1 in Transmutations
  1284 | D:3      | Reached skill level 1 in Fire Magic
  1284 | D:3      | Reached skill level 1 in Ice Magic
  1284 | D:3      | Reached skill level 1 in Air Magic
  1284 | D:3      | Reached skill level 1 in Earth Magic
  1284 | D:3      | Reached skill level 1 in Poison Magic
  1682 | D:3      | Reached XP level 5. HP: 44/47 MP: 6/6
  2064 | D:4      | Reached XP level 6. HP: 43/53 MP: 8/8
  2136 | D:4      | Noticed a slave
  2136 | D:4      | Noticed a slave
  2136 | D:4      | Noticed a slave
  2139 | D:4      | Killed a slave
  2140 | D:4      | Noticed Pikel
  2141 | D:4      | Noticed a slave
  2143 | D:4      | Killed a slave
  2145 | D:4      | Reached skill level 5 in Axes
  2152 | D:4      | Paralysed by Pikel for 6 turns
  2159 | D:4      | Killed Pikel
  2159 | D:4      | Reached XP level 7. HP: 32/60 MP: 9/11
  2304 | D:4      | Found a runed translucent gate.
  2305 | D:4      | Found a runed translucent gate.
  2305 | D:4      | Noticed vvokhom's ghost (amateur MiBe)
  2306 | D:4      | Found a runed translucent gate.
  2312 | D:4      | Found a roughly hewn altar of Beogh.
  2341 | D:4      | Reached XP level 8. HP: 65/67 MP: 12/12
  2561 | D:5      | Entered Level 5 of the Dungeon
  2680 | D:5      | Got a fine leather armour
  2691 | D:5      | Identified the +0 leather armour of Somewhere Else {rElec
                  | rPois rN+} (You found it on level 5 of the Dungeon)
  3124 | D:5      | Noticed Blork the orc
  3138 | D:5      | Killed Blork the orc
  3246 | D:5      | Found a stormy altar of Qazlal.
  3860 | D:6      | Found a glowing golden altar of the Shining One.
  3904 | D:7      | Found Vubiutta's Magic Scroll Shop.
  3938 | D:7      | Bought a scroll of fog for 26 gold pieces
  3938 | D:7      | Bought a scroll of blinking for 97 gold pieces
  3939 | D:7      | Found a staircase to the Ecumenical Temple.
  4235 | D:7      | Reached XP level 9. HP: 72/72 MP: 14/14
  4439 | D:7      | Bought 3 scrolls of enchant armour for 292 gold pieces
  4707 | Temple   | Entered the Ecumenical Temple
  4753 | Temple   | Became a worshipper of Warmaster Okawaru
  4878 | D:8      | Found a staircase to the Lair.
  4932 | D:8      | Found Ucwenidi's General Store.
  5020 | D:8      | Found a flagged portal.
  5031 | Bailey   | Entered a bailey
  5234 | Bailey   | Noticed an orc warlord
  5421 | Bailey   | Found a runed translucent gate.
  5421 | Bailey   | Found a runed translucent gate.
  5429 | Bailey   | Found a runed translucent gate.
  5603 | D:8      | Identified a scroll of acquirement
  5667 | D:8      | Reached * piety under Okawaru
  5946 | D:8      | Reached skill level 5 in Invocations
  5981 | D:8      | Bought a scroll of identify for 28 gold pieces
  5981 | D:8      | Bought a scroll of fear for 49 gold pieces
  5982 | D:8      | Reached XP level 10. HP: 65/83 MP: 16/19
  6112 | D:8      | Found a bloodstained altar of Trog.
  6113 | D:8      | Noticed a wizard
  6119 | D:8      | Killed a wizard
  6197 | D:8      | Reached skill level 5 in Conjurations
  6197 | D:8      | Reached skill level 5 in Hexes
  6197 | D:8      | Reached skill level 5 in Charms
  6197 | D:8      | Reached skill level 5 in Summonings
  6197 | D:8      | Reached skill level 5 in Necromancy
  6197 | D:8      | Reached skill level 5 in Translocations
  6197 | D:8      | Reached skill level 5 in Transmutations
  6197 | D:8      | Reached skill level 5 in Fire Magic
  6197 | D:8      | Reached skill level 5 in Ice Magic
  6197 | D:8      | Reached skill level 5 in Air Magic
  6197 | D:8      | Reached skill level 5 in Earth Magic
  6197 | D:8      | Reached skill level 5 in Poison Magic
  6197 | D:8      | Reached XP level 11. HP: 89/89 MP: 20/20
  6286 | D:9      | Noticed Harold
  6301 | D:9      | Killed Harold
  6301 | D:9      | Reached ** piety under Okawaru
  6436 | D:9      | Noticed a salamander
  7018 | D:9      | Noticed Grum
  7037 | D:9      | Killed Grum
  7304 | D:10     | Entered Level 10 of the Dungeon
  7329 | D:10     | Got a twisted falchion
  7330 | D:10     | Identified the +9 falchion "Grim Tooth" {slice, rC+ MR+
                  | Int+5} (You found it on level 10 of the Dungeon)
  7500 | D:10     | Found a roughly hewn altar of Beogh.
  7500 | D:10     | Found a staircase to the Orcish Mines.
  8630 | D:10     | Noticed a tengu warrior
  8650 | D:10     | Killed a tengu warrior
  9337 | D:11     | Reached *** piety under Okawaru
  9403 | D:11     | Found Heuses's Jewellery Emporium.
  9487 | D:11     | Noticed Snorg
  9503 | D:11     | Killed Snorg
  9720 | D:11     | Noticed a red ugly thing
  9736 | D:11     | Killed a red ugly thing
 10154 | D:12     | Noticed a cyclops
 10167 | D:12     | Killed a cyclops
 10306 | D:12     | Reached **** piety under Okawaru
 10341 | D:12     | Reached XP level 12. HP: 96/96 MP: 22/22
 10728 | D:12     | Noticed a two-headed ogre
 11293 | D:11     | Bought a +4 amulet of reflection for 378 gold pieces
 11650 | D:12     | Received a gift from Okawaru
 12021 | D:12     | Found Sogegroi's Food Emporium.
 12232 | D:13     | Noticed a tengu warrior
 12246 | D:13     | Killed a tengu warrior
 12255 | D:13     | Noticed a two-headed ogre
 12261 | D:13     | Killed a two-headed ogre
 12261 | D:13     | Reached ***** piety under Okawaru
 12261 | D:13     | Received a gift from Okawaru
 12269 | D:13     | Reached skill level 10 in Fighting
 12269 | D:13     | Reached skill level 10 in Armour
 12269 | D:13     | Reached skill level 10 in Shields
 12278 | D:13     | Found a gate to the Vaults.
 12684 | D:13     | Got a crude ring mail
 12701 | D:12     | Identified the +0 ring mail of Xamimeha {+Blink Dex+4} (You
                  | found it on level 13 of the Dungeon)
 12822 | Lair:1   | Entered Level 1 of the Lair of Beasts
 12840 | Lair:1   | Found a transporter.
 13024 | Lair:1   | Found a transporter.
 13024 | Lair:1   | Noticed tsouns's ghost (journeyman OpGl)
 13113 | Lair:1   | Killed tsouns's ghost
 13780 | Lair:2   | Noticed a seven-headed hydra
 13791 | Lair:2   | Reached XP level 13. HP: 82/103 MP: 21/24
 13799 | Lair:2   | Received a gift from Okawaru
 14630 | Lair:2   | You fall into a shaft and drop 2 floors!
 16515 | Lair:2   | Received a gift from Okawaru
 16573 | Lair:2   | Found a hole to the Spider Nest.
 17160 | Lair:3   | Found a staircase to the Swamp.
 17920 | Lair:5   | Noticed Sonja
 18027 | Lair:5   | Noticed Sonja
 18027 | Lair:5   | Sonja changed into Sonja the black bear
 18039 | Lair:5   | Killed Sonja the black bear
 18244 | Lair:5   | Slain by a tyrant leech

Levels and vault maps discovered:
D:1:      minmay_arrival_shattered_statue, layout_rooms
D:2:      lemuel_upstairs_altar, layout_loops_ring, minmay_unequal
D:3:      layout_rooms, serial_rivers, chequers_serial_rivers_large_a,
          chequers_serial_rivers_large_b, chequers_serial_rivers_small_3,
          chequers_serial_rivers_small_3, nicolae_dithmenos_shadow_blocks
D:4:      layout_basic, biasface_ghost_orc_armoury, uniq_pikel
D:5:      layout_cave_pools, first_ration, hangedman_abyss_or_decor_lesser_grid,
          grunt_qazlal_clouds, uniq_blork_the_orc
D:6:      layout_basic, marbit_many_paths
D:7:      layout_basic, minmay_temple_entry_mist, serial_glass, glass_columns_a,
          glass_columns_b, glass_columns_a, glass_columns_b, serial_shops, shop
D:8:      layout_rooms, lair_entry_dummy, enter_bailey_2, serial_shops,
          nicolae_shop_statue_plus, trog_wizard
D:9:      layout_cave_pods, lightli_corner_chamber, uniq_harold, uniq_grum
D:10:     layout_basic, david_orc_5, grunt_tengu_nest
D:11:     layout_long_grid, minmay_shop_enchanted_jewellery,
          minmay_misc_feat_tower, uniq_snorg
D:12:     layout_long_grid, serial_shops, nicolae_shop_crystal
D:13:     layout_stronghold, david_vaults_1
Temple:   grunt_wide_crystal_templ
Lair:1:   layout_regular_city, gammafunk_ghost_arena
Lair:2:   layout_gridlike, nicolae_spider_entry_non_spiders, enter_volcano_1,
          minivault_29, minmay_lair_oklob_chamber
Lair:3:   layout_loops_ring, nicolae_swamp_entry_splash_gauntlet
Lair:4:   layout_long_grid, chequers_serial_rivers_small_b,
          kennysheep_basilisk_garden, grunt_megastairs_1, lemuel_fruit_fields
Lair:5:   layout_loops_ring, dpeg_slime_entry_enclosed_altar, minmay_holes,
          worms_lemuel, lemuel_fruit_fields, uniq_sonja

Skill      XL: |  1  2  3  4  5  6  7  8  9 10 11 12 13 |
---------------+----------------------------------------+-----
Invocations    | 1 3 4 6 7 8 9 |  9.4
Short Blades   | 1 2 3 6 7 8 |  8.7
Long Blades    | 1 2 3 6 7 8 |  8.7
Maces & Flails | 1 2 3 6 7 8 |  8.7
Polearms       | 1 2 3 6 7 8 |  8.7
Staves         | 1 2 3 6 7 8 |  8.7
Slings         | 1 2 3 6 7 8 |  8.7
Bows           | 1 2 3 6 7 8 |  8.7
Crossbows      | 1 2 3 6 7 8 |  8.7
Throwing       | 1 2 3 6 7 8 |  8.7
Dodging        | 1 2 3 6 7 8 |  8.7
Stealth        | 1 2 3 6 7 8 |  8.7
Unarmed Combat | 1 2 3 6 7 8 |  8.7
Spellcasting   | 1 2 3 6 7 8 |  8.7
Evocations     | 1 2 3 6 7 8 |  8.7
Conjurations   | 1 2 3 4 5 6 7 |  7.2
Hexes          | 1 2 3 4 5 6 7 |  7.2
Charms         | 1 2 3 4 5 6 7 |  7.2
Summonings     | 1 2 3 4 5 6 7 |  7.2
Necromancy     | 1 2 3 4 5 6 7 |  7.2
Translocations | 1 2 3 4 5 6 7 |  7.2
Transmutations | 1 2 3 4 5 6 7 |  7.2
Fire Magic     | 1 2 3 4 5 6 7 |  7.2
Ice Magic      | 1 2 3 4 5 6 7 |  7.2
Air Magic      | 1 2 3 4 5 6 7 |  7.2
Earth Magic    | 1 2 3 4 5 6 7 |  7.2
Poison Magic   | 1 2 3 4 5 6 7 |  7.2
Axes           | 5 7 8 9 |  9.8
Fighting       | 7 9 10 | 10.8
Armour         | 7 9 10 | 10.8
Shields        | 7 9 10 | 10.8

Action                   |  1- 3 |  4- 6 |  7- 9 | 10-12 | 13-15 || total
-------------------------+-------+-------+-------+-------+-------++-------
Melee: War axe           |    87 |   122 |    70 |       |       ||   279
       Bite              |    16 |    15 |    57 |   131 |   106 ||   325
       Scimitar          |       |       |   233 |    85 |       ||   318
       Falchion          |       |       |       |   520 |   483 ||  1003
       Morningstar       |       |       |       |       |    10 ||    10
Throw: Javelin           |       |       |     3 |     2 |     2 ||     7
       Throwing net      |       |       |       |     3 |     1 ||     4
       Dart              |       |       |       |       |     1 ||     1
Invok: Heroism           |       |       |       |     8 |     2 ||    10
       Finesse           |       |       |       |     1 |       ||     1
Evoke: Wand              |     1 |       |    10 |    29 |    18 ||    58
  Use: Scroll            |     3 |     3 |    15 |    10 |     2 ||    33
       Potion            |       |     1 |     8 |     4 |     2 ||    15
 Stab: Sleeping          |       |     2 |     5 |    11 |     3 ||    21
       Held in net/web   |       |       |       |     3 |       ||     3
       Distracted        |       |       |       |     2 |     2 ||     4
  Eat: Chunk             |       |     4 |    11 |     9 |     9 ||    33
       Ration            |       |       |     1 |     5 |     2 ||     8
Armor: Scale mail        |    11 |       |       |       |       ||    11
       Chain mail        |    13 |       |       |       |    29 ||    42
       Leather armour    |    21 |    43 |    72 |    89 |       ||   225
       Ring mail         |       |       |       |    21 |    74 ||    95
Dodge: Dodged            |    40 |    62 |   214 |   341 |   143 ||   800
Block: Shield            |    53 |    64 |   194 |   439 |    55 ||   805
       Reflection        |       |       |       |     1 |     6 ||     7
       Large shield      |       |       |       |       |   410 ||   410
       Rpst.: Scimitar   |       |       |    49 |    22 |       ||    71
       Falchion          |       |       |       |    61 |    40 ||   101

Table legend:
 A = Non-vault XP
 B = Vault XP
 C = Vault XP percentage of total XP
 D = Non-vault monster count
 E = Vault monster count
 F = Vault count percentage of total count
                 A         B        C        D         E       F
            +---------+---------+-------+---------+---------+-------
      Total |   29451 |   19026 |  39.2 |     309 |     127 |  29.1
            +---------+---------+-------+---------+---------+-------
        D:1 |      23 |       0 |   0.0 |      15 |       0 |   0.0
        D:2 |      52 |       5 |   8.8 |      18 |       3 |  14.3
        D:3 |      86 |       0 |   0.0 |      29 |       0 |   0.0
        D:4 |     370 |     663 |  64.2 |      18 |       1 |   5.3
        D:5 |     406 |      91 |  18.3 |      14 |       1 |   6.7
        D:6 |     117 |      36 |  23.5 |       7 |       1 |  12.5
        D:7 |     880 |       0 |   0.0 |      22 |       0 |   0.0
        D:8 |    1540 |       0 |   0.0 |      29 |       0 |   0.0
        D:9 |    1036 |    1375 |  57.0 |      17 |       4 |  19.0
       D:10 |     930 |    1908 |  67.2 |      27 |      23 |  46.0
       D:11 |    1492 |    1101 |  42.5 |       8 |       1 |  11.1
       D:12 |    4792 |       0 |   0.0 |      38 |       0 |   0.0
       D:13 |    3030 |    2495 |  45.2 |      14 |       4 |  22.2
     Lair:1 |    3039 |    3022 |  49.9 |      14 |      18 |  56.2
     Lair:2 |    8465 |    5570 |  39.7 |      27 |      38 |  58.5
     Lair:3 |    1309 |     648 |  33.1 |       4 |       4 |  50.0
     Lair:4 |     912 |     882 |  49.2 |       3 |       5 |  62.5
     Lair:5 |     972 |     774 |  44.3 |       5 |       3 |  37.5
     Bailey |       0 |     456 | 100.0 |       0 |      21 | 100.0
            +---------+---------+-------+---------+---------+-------
